[Event "Team 45 45 League T45"]
[Site "Internet Chess Club"]
[Date "2010.05.09"]
[Round "1"]
[White "tsia68"]
[Black "Wheels"]
[Result "1/2-1/2"]
[WhiteElo "1845"]
[BlackElo "1936"]
[Opening "Sicilian: closed, 6.f4"]
[ECO "B25"]
[Time "12:01:53"]
[TimeControl "2700+45"]

1. e4 c5 2. Nc3 Nc6 3. g3 g6 4. Bg2 Bg7 5. d3 d6 6. f4 e6 7. Nf3 Nge7 8. O-O O-O
9. Be3 Qc7 10. Rb1 Nd4 11. Ne2 Nec6 12. c3 Nxf3+ 13. Bxf3 b6 14. d4 Bb7 15. f5
exf5 16. exf5 Rae8 17. Qd2 Qe7 18. Bh6 Bxh6 19. Qxh6 Qe3+ 20. Qxe3 Rxe3 21. fxg6
fxg6 22. Bd5+ Kg7 23. Rxf8 Kxf8 24. Rf1+ Ke8 25. Nf4 Nd8 26. Bxb7 Nxb7 27. Kf2
Re7 28. Re1 Rxe1 29. Kxe1 Ke7 30. Ke2 Nd8 31. Ke3 Nc6 32. Ke4 cxd4 33. cxd4 Nb4
34. a3 Nc2 35. Nd3 Ke6 36. Nf4+ Ke7 37. Nd5+ Ke6 38. Nc7+ Kd7 39. Nb5 a6 40. Nc3
Kc6 41. Nd5 Kb5 42. Kd3 Ne1+ 43. Ke2 Nc2 44. Kd3 Ne1+ {Game drawn by mutual
agreement} 1/2-1/2

[Event "Team 45 45 League T45"]
[Site "Internet Chess Club"]
[Date "2010.05.08"]
[Round "1"]
[White "Philly-Boy"]
[Black "VietLion"]
[Result "0-1"]
[WhiteElo "1869"]
[BlackElo "1898"]
[Opening "Trompowsky attack (Ruth, Opocenský opening)"]
[ECO "A45"]
[Time "16:00:15"]
[TimeControl "2700+45"]

1. d4 Nf6 2. Bg5 Ne4 3. Bf4 c5 4. f3 Qa5+ 5. c3 Nf6 6. d5 Qb6 7. b3 e6 8. e4 d6
9. c4 a5 10. Nc3 e5 11. Be3 Bd7 12. Rb1 h5 13. h4 Be7 14. a3 Na6 15. Bd3 Qd8 16.
Nge2 Nh7 17. Bf2 Nf8 18. Na2 Ng6 19. g3 Qc8 20. b4 axb4 21. axb4 b5 22. cxb5 c4
23. bxa6 cxd3 24. Qxd3 Rxa6 25. Nac3 f5 26. O-O fxe4 27. Nxe4 Qb7 28. b5 Rb6 29.
Bxb6 Qxb6+ 30. Kg2 O-O 31. N2c3 Bxh4 32. Na4 Qa5 33. Nxd6 Qxa4 34. Qxg6 Rf6 35.
Qxh5 Qc2+ 36. Kg1 Bxg3 37. Qh1 Rg6 {White forfeits on time} 0-1

[Event "Team 45 45 League T45"]
[Site "Internet Chess Club"]
[Date "2010.05.09"]
[Round "1"]
[White "PJ"]
[Black "Eyechess"]
[Result "1/2-1/2"]
[WhiteElo "1791"]
[BlackElo "1665"]
[Opening "French: Rubinstein variation"]
[ECO "C10"]
[Time "14:00:12"]
[TimeControl "2700+45"]

1. e4 e6 2. d4 d5 3. Nc3 dxe4 4. Nxe4 Be7 5. Bd3 Nf6 6. Nf3 Nxe4 7. Bxe4 Nd7 8.
O-O c5 9. c3 O-O 10. Be3 Nf6 11. Bc2 Qc7 12. Ng5 h6 13. Ne4 Rd8 14. Nxf6+ Bxf6
15. Rc1 cxd4 16. cxd4 Qb6 17. Qd3 Qxb2 18. Qh7+ Kf8 19. Bb3 Bd7 20. d5 b6 21.
Rfd1 exd5 22. Bd2 a5 23. Qh8+ Ke7 24. Re1+ Be5 25. Qxg7 Qxd2 26. Qxe5+ Be6 27.
Rc7+ Rd7 28. Rxd7+ Kxd7 29. Rd1 Qg5 30. Ba4+ Ke7 31. Qc7+ Kf8 32. Qxb6 Kg8 33.
Qd4 Rc8 34. Bb3 Rc1 35. f4 Rxd1+ 36. Bxd1 Qg7 37. Qxg7+ Kxg7 38. a3 d4 39. Kf2
Kf8 40. Ke2 Bc4+ 41. Kd2 Bb5 42. Be2 Bc6 43. g3 Ke7 44. Bd1 Kd6 45. Be2 Kc5 46.
g4 f6 47. h4 Bd5 48. Bd3 Kd6 49. Bf5 Bc4 50. Bd3 Bd5 51. Bh7 Ba2 52. Be4 Bc4 53.
Bd3 {Game drawn by mutual agreement} 1/2-1/2

[Event "Team 45 45 League T45"]
[Site "Internet Chess Club"]
[Date "2010.05.08"]
[Round "1"]
[White "b-spot"]
[Black "Kurukshetra"]
[Result "1-0"]
[WhiteElo "1790"]
[BlackElo "1699"]
[Opening "King's Indian: 5.Nf3"]
[ECO "E90"]
[Time "12:00:17"]
[TimeControl "2700+45"]

1. d4 Nf6 2. c4 g6 3. Nc3 Bg7 4. e4 d6 5. Nf3 Nc6 6. Be2 O-O 7. O-O e6 8. Bg5
Ne7 9. Qd2 c6 10. e5 dxe5 11. dxe5 Qxd2 12. Nxd2 {Black resigns} 1-0

[Event "Team 45 45 League T45"]
[Site "Internet Chess Club"]
[Date "2010.05.06"]
[Round "1"]
[White "pestka"]
[Black "Chatica"]
[Result "0-1"]
[WhiteElo "2214"]
[BlackElo "2007"]
[Opening "Old Indian: Tartakower (Wade) variation"]
[ECO "A41"]
[Time "16:09:42"]
[TimeControl "2700+45"]

1. d4 d6 2. Nf3 Bg4 3. e4 Nf6 4. Nc3 e6 5. Bd3 Be7 6. Be3 Nbd7 7. h3 Bh5 8. g4
Bg6 9. g5 Nh5 10. Be2 O-O 11. h4 f5 12. gxf6 Bxf6 13. Qd2 c6 14. O-O-O Qe8 15.
Rhg1 b5 16. Ng5 a5 17. Bd3 b4 18. Ne2 e5 19. Bc4+ d5 20. exd5 Nb6 21. Bb3 a4 22.
dxe5 axb3 23. cxb3 Rxa2 24. Qxb4 Nxd5 25. Rxd5 cxd5 26. exf6 Rxf6 27. Rg4 Rxf2
28. Bxf2 Qxe2 29. Qb8+ Be8 {White resigns} 0-1

[Event "Team 45 45 League T45"]
[Site "Internet Chess Club"]
[Date "2010.05.09"]
[Round "1"]
[White "Matusalen"]
[Black "Duguesclin"]
[Result "1-0"]
[WhiteElo "2013"]
[BlackElo "1626"]
[Opening "Réti: advance variation"]
[ECO "A09"]
[Time "09:00:26"]
[TimeControl "2700+45"]

1. Nf3 d5 2. c4 d4 3. d3 c5 4. g3 Nc6 5. Bf4 f6 6. Bg2 e5 7. Bd2 Bd6 8. Na3 a6
9. Nc2 Nge7 10. O-O O-O 11. e3 Bf5 12. Qe2 Qd7 13. Nh4 Bh3 14. Bxh3 Qxh3 15. Nf3
Ng6 16. Rfe1 Rae8 17. e4 h6 18. Kh1 f5 19. Ng1 Qg4 20. f3 Qh5 21. exf5 Qxf5 22.
Qe4 Qxe4 23. Rxe4 Nd8 24. Rae1 Re7 25. b4 b6 26. a4 Nc6 27. b5 axb5 28. axb5 Nd8
29. Ra1 Ne6 30. h4 Rb7 31. h5 Ne7 32. f4 Bb8 33. Nf3 Nf5 34. Kg2 exf4 35. Rxe6
Ne3+ 36. Bxe3 fxe3 37. Rf1 Ba7 38. Ncxd4 cxd4 39. Nxd4 Rxf1 40. Kxf1 Rd7 41. Nc6
{Black forfeits on time} 1-0

[Event "Team 45 45 League T45"]
[Site "Internet Chess Club"]
[Date "2010.05.15"]
[Round "1"]
[White "b-spot"]
[Black "baumhauer"]
[Result "1/2-1/2"]
[WhiteElo "1765"]
[BlackElo "1897"]
[Opening "Nimzo-Indian: classical variation"]
[ECO "E32"]
[Time "10:00:25"]
[TimeControl "2700+45"]

1. d4 Nf6 2. c4 e6 3. Nc3 Bb4 4. Qc2 O-O 5. a3 Bxc3+ 6. Qxc3 b6 7. Bg5 d6 8. f3
Nbd7 9. Nh3 Re8 10. e4 e5 11. Bd3 h6 12. Be3 Nf8 13. Nf2 Ng6 14. O-O c5 15. dxe5
dxe5 16. Rfd1 Nh5 17. b4 cxb4 18. axb4 Qc7 19. c5 Be6 20. c6 Nhf4 21. Bf1 a5 22.
b5 Red8 23. Nd3 Nxd3 24. Rxd3 Rxd3 25. Bxd3 Ne7 26. Rd1 Rd8 27. Be2 Rxd1+ 28.
Bxd1 Nc8 29. Bb3 Bxb3 30. Qxb3 Qd6 31. Qd5 a4 32. Qxd6 Nxd6 33. Bxb6 a3 34. Ba5
a2 35. Bc3 Nxb5 36. Bxe5 f6 37. Bb2 Kf7 38. Kf2 Ke6 39. Ke3 Kd6 40. Kd3 Kxc6 41.
Kc4 Nd6+ 42. Kb3 Kb5 43. Kxa2 Kc4 44. Ba3 Ne8 45. Bc1 Kd3 46. Bf4 g5 47. Bb8 Ke2
48. f4 g4 49. f5 Kf2 50. e5 Kxg2 51. e6 h5 52. Bg3 Kf3 53. Kb3 Ke4 54. Kc4 Kxf5
55. Kd5 Kg5 56. e7 Kf5 57. Bh4 Kg6 58. Ke6 Ng7+ 59. Kd7 Kf7 60. Kd8 f5 61. Bg3
Ne6+ 62. Kd7 Ng7 63. Be5 Ne8 64. Bg3 {Game drawn by mutual agreement} 1/2-1/2

[Event "Team 45 45 League T45"]
[Site "Internet Chess Club"]
[Date "2010.05.10"]
[Round "1"]
[White "DTK"]
[Black "f5"]
[Result "1/2-1/2"]
[WhiteElo "2171"]
[BlackElo "2168"]
[Opening "Sicilian: accelerated fianchetto, Breyer variation"]
[ECO "B39"]
[Time "15:19:40"]
[TimeControl "2700+45"]

1. e4 c5 2. Nf3 Nc6 3. d4 cxd4 4. Nxd4 g6 5. c4 Bg7 6. Be3 Nf6 7. Nc3 Ng4 8.
Qxg4 Nxd4 9. Qd1 Ne6 10. Be2 Bxc3+ 11. bxc3 Qa5 12. O-O Qxc3 13. Rc1 Qe5 14. Qd5
Qc7 15. f4 d6 16. f5 Nd8 17. c5 Bd7 18. Bf4 Bc6 19. Qd4 f6 20. cxd6 Qb6 21. Be3
Qxd4 22. Bxd4 exd6 23. fxg6 hxg6 24. Rxf6 Ke7 25. Rxg6 Rf8 26. Rg7+ Rf7 27.
Rxf7+ Nxf7 28. Bf3 Ng5 29. Kf2 Nxe4+ 30. Ke3 d5 31. h4 Kf7 32. h5 Re8 33. Kf4
Kg8 34. Rc2 Kh7 35. Bxa7 Rf8+ 36. Ke3 Ng3 37. Kd4 Kh6 38. Bxd5 Rd8 39. Rc5 Nxh5
40. Kc4 Ra8 41. Bxc6 Rxa7 42. Bf3 Nf6 43. Kb3 Kg6 44. Rb5 Nd7 45. a4 Kf6 46. Kb4
b6 47. a5 Rxa5 48. Rxa5 bxa5+ 49. Kxa5 Kg5 50. Kb4 {Game drawn by mutual
agreement} 1/2-1/2

[Event "Team 45 45 League T45"]
[Site "Internet Chess Club"]
[Date "2010.05.09"]
[Round "1"]
[White "chsrules88"]
[Black "bobhill"]
[Result "1-0"]
[WhiteElo "2018"]
[BlackElo "2012"]
[Opening "Sicilian"]
[ECO "B50"]
[Time "23:00:11"]
[TimeControl "2700+45"]

1. e4 c5 2. Nf3 d6 3. Bd3 Nc6 4. O-O g6 5. Re1 Bg7 6. h3 Nf6 7. c3 O-O 8. Bc2
Bd7 9. d4 cxd4 10. cxd4 Qa5 11. Nc3 Rac8 12. Bf4 Qb6 13. Bb3 Nh5 14. Be3 Qa5 15.
Rc1 e6 16. g4 Nf6 17. e5 Ne8 18. Ne4 d5 19. Nc5 Qc7 20. g5 b6 21. Nxd7 Qxd7 22.
Ba4 a6 23. Bxc6 Rxc6 24. Qa4 b5 25. Qa5 Qc7 26. Bd2 Rc4 27. b3 Rc2 28. Qxc7 Rxc7
29. Bb4 h6 30. h4 a5 31. Bxf8 Bxf8 32. Rxc7 Nxc7 33. Rc1 Na6 34. Rc8 h5 35. Ra8
Nb4 36. Rxa5 Kg7 37. Kf1 Be7 38. Ne1 Bd8 39. Rxb5 Nxa2 40. Nd3 Nc3 41. Rb7 Kf8
42. f3 Be7 43. Ke1 Ke8 44. Kd2 Nb1+ 45. Kc2 Na3+ 46. Kb2 Kf8 47. Rxe7 Kxe7 48.
Kxa3 {Black resigns} 1-0

[Event "Team 45 45 League T45"]
[Site "Internet Chess Club"]
[Date "2010.05.08"]
[Round "1"]
[White "Beddathanme"]
[Black "charles-allen"]
[Result "0-1"]
[WhiteElo "1818"]
[BlackElo "1896"]
[Opening "Bishop's opening/Petrov: Urusov gambit"]
[ECO "C24"]
[Time "20:02:58"]
[TimeControl "2700+45"]

1. e4 e5 2. Bc4 Nf6 3. d4 exd4 4. Nf3 Bb4+ 5. c3 dxc3 6. bxc3 Bc5 7. e5 d5 8.
exf6 dxc4 9. Qe2+ Be6 10. fxg7 Rg8 11. Bg5 Qd3 12. Qe5 Bd6 13. Qb5+ Nd7 14. Nbd2
Qd5 15. Qxd5 Bxd5 16. Bh6 Ne5 17. O-O Ng4 18. Rfe1+ Kd7 19. Bg5 Rxg7 20. Rad1
Re8 21. h3 f6 22. Bh4 Ne5 23. Nxe5+ Rxe5 24. Rxe5 fxe5 25. g4 b5 26. Re1 c5 27.
Bf6 Rg6 28. Bxe5 h5 29. f3 hxg4 30. hxg4 Re6 31. f4 Rh6 32. Bxd6 Rh1+ 33. Kf2
Rxe1 34. Kxe1 Kxd6 35. a3 a5 36. Ke2 b4 37. cxb4 cxb4 38. Nb1 c3 39. Kd3 Be4+
40. Kxe4 c2 41. Nd2 c1=Q {White resigns} 0-1

[Event "Team 45 45 League T45"]
[Site "Internet Chess Club"]
[Date "2010.05.09"]
[Round "1"]
[White "Kingofknights"]
[Black "room-matt"]
[Result "1-0"]
[WhiteElo "1676"]
[BlackElo "1732"]
[Opening "Budapest: Adler variation"]
[ECO "A52"]
[Time "13:45:27"]
[TimeControl "2700+45"]

1. d4 Nf6 2. c4 e5 3. dxe5 Ng4 4. Nf3 Bc5 5. e3 Nc6 6. a3 Ngxe5 7. Nxe5 Nxe5 8.
b4 Be7 9. Bb2 d6 10. h3 Bf6 11. Qc2 Be6 12. Nd2 O-O 13. Be2 Nc6 14. Rc1 Bxb2 15.
Qxb2 Ne5 16. Nf3 Nxf3+ 17. Bxf3 c6 18. O-O Qg5 19. Kh2 Rac8 20. Qd4 Qe5+ 21.
Qxe5 dxe5 22. c5 f5 23. Rfd1 e4 24. Be2 b5 25. cxb6 axb6 26. Rd6 Kf7 27. Rcxc6
Rxc6 28. Rxc6 Rb8 29. g4 g6 30. Kg3 h6 31. Kf4 g5+ 32. Ke5 Re8 33. Kd6 Rd8+ 34.
Kc7 Rd2 35. gxf5 Bxf5 36. Bg4 Bxg4 37. hxg4 Rxf2 38. Rc4 Ra2 39. Kxb6 Rxa3 40.
Rxe4 Kf6 41. b5 Rb3 42. Kc6 Rc3+ 43. Kb7 Rd3 44. b6 Rb3 45. Kc7 Rc3+ 46. Kb8
{Black resigns} 1-0